[ AOE2 MATCH · #473438954 ]
UnrankedGurjaras vs Maya
[ REPLAY ANALYSIS · EXTRACTED FROM THE RECORDED GAME ]
Feudal
—
Castle
—
Imperial
—
| APM avg | 49.2 |
| APM peak | 15 |
| eAPM avg | 39.4 |
| Villagers / military | 5 / 0 |
Focus
⚔️ 0.0% · 🌾 100.0%
Feudal
—
Castle
—
Imperial
—
| APM avg | 59.1 |
| APM peak | 18 |
| eAPM avg | 59.1 |
| Villagers / military | 6 / 0 |
Focus
⚔️ 27.3% · 🌾 72.7%
Feudal
—
Castle
—
Imperial
—
| APM avg | 19.7 |
| APM peak | 6 |
| eAPM avg | 19.7 |
| Villagers / military | 2 / 0 |
Focus
⚔️ 0.0% · 🌾 100.0%
Feudal
—
Castle
—
Imperial
—
| APM avg | 49.2 |
| APM peak | 15 |
| eAPM avg | 16.4 |
| Villagers / military | 8 / 0 |
Focus
⚔️ 0.0% · 🌾 100.0%
Feudal
—
Castle
—
Imperial
—
| APM avg | 42.7 |
| APM peak | 13 |
| eAPM avg | 23.0 |
| Villagers / military | 2 / 0 |
Focus
⚔️ 0.0% · 🌾 100.0%
Feudal
—
Castle
—
Imperial
—
| APM avg | 13.1 |
| APM peak | 4 |
| eAPM avg | 13.1 |
| Villagers / military | 8 / 0 |
Focus
⚔️ 0.0% · 🌾 100.0%
Feudal
—
Castle
—
Imperial
—
| APM avg | 26.3 |
| APM peak | 8 |
| eAPM avg | 26.3 |
| Villagers / military | 4 / 0 |
Focus
⚔️ 0.0% · 🌾 100.0%
Feudal
—
Castle
—
Imperial
—
| APM avg | 32.8 |
| APM peak | 10 |
| eAPM avg | 23.0 |
| Villagers / military | 0 / 0 |
Focus
⚔️ 0.0% · 🌾 100.0%
Match map
Initial resources + every placement click. Lines = walls · curves = elevation contours. ◆ gold · ⬟ stone · ● berries · ✦ relic · ◌ wall gap
Your base
Dark_Knight's base
Harry's base
Venom's base
GuruGreatest's base
Aqua Sama's base
mutanT's base
ddk220's base
Smoothed initial terrain · ◌ = detected wall gap · hover for details
Inputs per minute
— TiShi - - Dark_Knight
Build order — TiShi
6 actions detected in the replay
| 0:02 | Build | House |
| 0:03 | Create | Villager (Male) |
| 0:03 | Create | Villager (Male) |
| 0:03 | Create | Villager (Male) |
| 0:03 | Create | Villager (Male) |
| 0:03 | Create | Villager (Male) |
Build order — Dark_Knight
8 actions detected in the replay
| 0:01 | Create | Villager (Male) |
| 0:02 | Create | Villager (Male) |
| 0:06 | Research | Loom |
| 0:06 | Research | Loom |
| 0:07 | Create | Villager (Male) |
| 0:10 | Create | Villager (Male) |
| 0:10 | Create | Villager (Male) |
| 0:10 | Create | Villager (Male) |
Build order — Harry
2 actions detected in the replay
| 0:01 | Create | Villager (Male) |
| 0:02 | Create | Villager (Male) |
Build order — Venom
4 actions detected in the replay
| 0:02 | Create | Villager (Male) ×4 |
| 0:02 | Create | Villager (Male) ×4 |
| 0:03 | Build | House |
| 0:04 | Build | House |
Build order — GuruGreatest
4 actions detected in the replay
| 0:01 | Create | Villager (Male) |
| 0:01 | Create | Villager (Male) |
| 0:02 | Build | House |
| 0:04 | Build | House |
Build order — Aqua Sama
3 actions detected in the replay
| 0:08 | Create | Villager (Male) ×4 |
| 0:08 | Create | Villager (Male) ×4 |
| 0:10 | Build | House |
Build order — mutanT
2 actions detected in the replay
| 0:03 | Create | Villager (Male) ×4 |
| 0:08 | Build | House |
Build order — ddk220
2 actions detected in the replay
| 0:02 | Build | House |
| 0:03 | Build | House |
Match timeline
| 0:10 | Dark_Knight · resign |
[ AI ANALYSIS · 1 CREDIT ]
What really happened in this match?
Wolo.gg analyzes every decision: build order, eco, micro, common mistakes by bracket. Personalized analysis on WhatsApp or Discord in 30 seconds.
Civ guide
Gurjaras
Perfil
Jugador #2876149